 Dungeon Sprint DCSS version 0.17-a0-1174-ge06b3cc (webtiles) character file.

7588 nuthulu the Grappler (level 10, -4/117 HPs)
             Began as a Troll Berserker on May 29, 2015.
             Was the Champion of Trog.
             Slain by a 12-headed hydra (5 damage)
             ... while paralysed by a giant eyeball
             ... in the Dungeon (Sprint I: "Red Sonja").
             The game lasted 00:06:03 (1315 turns).

nuthulu the Grappler (Troll Berserker)              Turns: 1315, Time: 00:06:03

Health: -4/117     AC: 10    Str: 29    XL:     10   Next: 97%
Magic:  9/9        EV:  1    Int:  3    God:    Trog [******]
Gold:   572        SH:  0    Dex: 10    Spells: 0 memorised, 9 levels left

rFire  . . .     SeeInvis .       - Unarmed
rCold  . . .     Clarity  .     m - +2 robe
rNeg   . . .     SustAt   .     (no shield)
rPois  .         Gourm    +     l - +2 hat
rElec  .         Spirit   .     c - +0 cloak
rCorr  .         Warding  .     (gloves unavailable)
rMut   .         NoTele   +     (boots unavailable)
MR     .....                    (no amulet)
Stlth  +.........               (no ring)
                                (no ring)

@: paralysed, not resistant to hostile enchantments, very unstealthy
A: unfitting armour, claws 3, fast metabolism 3, gourmand, regeneration 2,
shaggy fur 1, tough skin 2
a: Burn Spellbooks, Berserk, Trog's Hand, Brothers in Arms, Renounce Religion


You were in the Dungeon.
You worshipped Trog.
Trog was exalted by your worship.
You were full.

You visited 1 branch You collected 1136 gold pieces.
You spent 564 gold pieces at shops.

Inventory:

Armour
 a - a +0 animal skin
 c - a +0 cloak (worn)
 l - a +2 hat (worn)
 m - a +2 robe (worn)
Scrolls
 h - a scroll of blinking
 o - a scroll of identify
Potions
 d - a potion of heal wounds
 e - a potion of haste
 f - 2 potions of magic
 g - a potion of berserk rage
 j - a potion of curing
 k - a potion of poison {unknown}
Comestibles
 b - 2 bread rations
 i - 3 meat rations


   Skills:
 * Level 12.5 Fighting
 * Level 13.8 Dodging
 * Level 14.8 Unarmed Combat


You had 9 spell levels left.
You didn't know any spells.

Dungeon Overview and Level Annotations

Branches:
Dungeon (1/1)

Altars:
Cheibriados
Dithmenos
Elyvilon
Fedhas
Gozag
Kikubaaqudgha
Makhleb
Nemelex Xobeh
Okawaru
Qazlal
Ru
Sif Muna
Trog
Vehumet
Xom
Yredelemnul
Zin
The Shining One
Jiyva

Shops:
D %([


Innate Abilities, Weirdness & Mutations

You are too large for most types of armour.
You have claws for hands.
Your metabolism is lightning-fast.
You like to eat raw meat.
You heal very quickly.
You are covered in fur (AC +1).
You have very tough skin (AC +2).


Message History

You feel much better. The giant eyeball gazes at you.
You suddenly lose the ability to move!
The 12-headed hydra bites you! The 12-headed hydra bites you!
The 12-headed hydra bites you.
The 12-headed hydra bites you but does no damage.
The 12-headed hydra bites you. x3
The 12-headed hydra bites you!
* * * LOW HITPOINT WARNING * * *
The 12-headed hydra bites you but does no damage.
The 12-headed hydra bites you!
* * * LOW HITPOINT WARNING * * *
The 12-headed hydra bites you!
* * * LOW HITPOINT WARNING * * *
The 12-headed hydra bites you.
* * * LOW HITPOINT WARNING * * *
The 12-headed hydra bites you.
* * * LOW HITPOINT WARNING * * *
The 12-headed hydra bites you but does no damage.
The 12-headed hydra bites you.
You die...

#####################
..#..#§..§'.§.§§@DG$#
..##'#§####.§§§.##§.+
..'..#.# ##§§§## ##
###.§'.# ###+#
§##)#### #.# .#..§
#.. .#.§§§ ##.#
§###§.. .## .'.#.§§#
##..


You could see a 12-headed hydra and a giant eyeball.

Vanquished Creatures
  2 centaur warriors (D)
  A deep troll (D)
  A lindwurm (D)
  An oklob plant (D)
  A gargoyle (D)
  4 demonic crawlers (D)
  2 kobold demonologists (D)
  A slime creature (D)
  13 hogs (D)
  2 trapdoor spiders (D)
  Sigmund (D)
  A yak (D)
  A wasp (D)
  An ogre (D)
  Ijyb (D)
  A jelly (D)
  A giant eyeball (D)
  5 ballistomycetes (D)
40 creatures vanquished.

Vanquished Creatures (collateral kills)
  Sonja (D)
1 creature vanquished.

Vanquished Creatures (others)
  A gargoyle (D)
  A two-headed ogre (D)
  3 wasps (D)
  2 giant spores (D)
7 creatures vanquished.

Grand Total: 48 creatures vanquished

Notes
Turn   | Place    | Note
--------------------------------------------------------------
     0 | D        | nuthulu the Troll Berserker began the quest for the Orb.
     0 | D        | Reached XP level 1. HP: 22/22 MP: 0/0
   101 | D        | Noticed Ijyb
   109 | D        | Killed Ijyb
   109 | D        | Reached skill level 4 in Unarmed Combat
   109 | D        | Reached XP level 2. HP: 29/32 MP: 1/1
   117 | D        | Noticed an ogre
   122 | D        | Killed an ogre
   122 | D        | Acquired Trog's second power
   122 | D        | Reached skill level 5 in Fighting
   122 | D        | Reached skill level 5 in Dodging
   122 | D        | Reached skill level 6 in Unarmed Combat
   122 | D        | Reached XP level 3. HP: 38/42 MP: 2/2
   122 | D        | Reached XP level 4. HP: 45/50 MP: 3/3
   140 | D        | Noticed Sigmund
   144 | D        | Killed Sigmund
   144 | D        | Reached skill level 7 in Unarmed Combat
   144 | D        | Reached XP level 5. HP: 61/61 MP: 4/4
   144 | D        | Reached XP level 6. HP: 68/68 MP: 5/5
   187 | D        | Found a deep blue altar of Sif Muna.
   188 | D        | Noticed a jelly
   189 | D        | Found a radiant altar of Vehumet.
   193 | D        | Killed a jelly
   224 | D        | Found Ceh Dyk's Weapon Emporium.
   224 | D        | Found a white marble altar of Elyvilon.
   224 | D        | Found a stormy altar of Qazlal.
   224 | D        | Found a basalt altar of Yredelemnul.
   224 | D        | Found an iron altar of Okawaru.
   224 | D        | Found a sparkling altar of Nemelex Xobeh.
   224 | D        | Found a shimmering altar of Xom.
   224 | D        | Found an ancient bone altar of Kikubaaqudgha.
   224 | D        | Noticed a yak
   228 | D        | Killed a yak
   228 | D        | Reached skill level 8 in Unarmed Combat
   229 | D        | Found a burning altar of Makhleb.
   229 | D        | Found a sacrificial altar of Ru.
   229 | D        | Found a glowing golden altar of the Shining One.
   229 | D        | Found an opulent altar of Gozag.
   229 | D        | Found a glowing silver altar of Zin.
   235 | D        | Found a bloodstained altar of Trog.
   282 | D        | Noticed a centaur warrior
   286 | D        | Found a viscous altar of Jiyva.
   286 | D        | Found a blossoming altar of Fedhas.
   286 | D        | Noticed a slime creature
   287 | D        | Found a snail-covered altar of Cheibriados.
   287 | D        | Found a shadowy altar of Dithmenos.
   296 | D        | Killed a slime creature
   296 | D        | Reached skill level 9 in Unarmed Combat
   296 | D        | Reached XP level 7. HP: 37/80 MP: 6/6
   361 | D        | Killed a wasp
   375 | D        | Noticed a kobold demonologist
   376 | D        | Noticed a kobold demonologist
   382 | D        | Killed a kobold demonologist
   382 | D        | Acquired Trog's third power
   382 | D        | Reached skill level 10 in Unarmed Combat
   384 | D        | Killed a kobold demonologist
   384 | D        | Reached XP level 8. HP: 92/92 MP: 7/7
   431 | D        | Noticed a demonic crawler
   431 | D        | Noticed a demonic crawler
   431 | D        | Noticed a demonic crawler
   431 | D        | Noticed a demonic crawler
   436 | D        | Killed a demonic crawler
   436 | D        | Reached skill level 11 in Unarmed Combat
   439 | D        | Killed a demonic crawler
   439 | D        | Reached skill level 10 in Dodging
   442 | D        | Killed a demonic crawler
   447 | D        | Killed a demonic crawler
   447 | D        | Reached skill level 10 in Fighting
   447 | D        | Reached XP level 9. HP: 95/101 MP: 8/8
   519 | D        | Noticed Sonja
   524 | D        | Killed Sonja
   524 | D        | Reached skill level 12 in Unarmed Combat
   549 | D        | Killed a wasp
   558 | D        | Noticed a deep troll
   564 | D        | Killed a deep troll
   617 | D        | Killed a gargoyle
   639 | D        | Found Noppiuvobb's Food Boutique.
   647 | D        | Bought a meat ration for 55 gold pieces
   647 | D        | Bought a meat ration for 55 gold pieces
   647 | D        | Bought a meat ration for 55 gold pieces
   647 | D        | Bought a meat ration for 55 gold pieces
   676 | D        | Killed a wasp
   717 | D        | Found Xukhecis's Armour Emporium.
   722 | D        | Bought a +2 hat for 192 gold pieces
   722 | D        | Bought a +2 robe for 152 gold pieces
   748 | D        | Noticed a centaur warrior
   754 | D        | Killed a centaur warrior
   758 | D        | Killed a centaur warrior
   758 | D        | Reached skill level 13 in Unarmed Combat
   758 | D        | Reached XP level 10. HP: 42/114 MP: 9/9
   875 | D        | Noticed a wasp
   879 | D        | Killed a wasp
   894 | D        | Noticed an oklob plant
   897 | D        | Killed an oklob plant
   933 | D        | Noticed a trapdoor spider
   938 | D        | Killed a trapdoor spider
   941 | D        | Noticed a trapdoor spider
   955 | D        | Killed a trapdoor spider
  1082 | D        | Noticed a gargoyle
  1088 | D        | Killed a gargoyle
  1099 | D        | Noticed a lindwurm
  1102 | D        | Killed a lindwurm
  1102 | D        | Reached skill level 14 in Unarmed Combat
  1144 | D        | Noticed a hog
  1144 | D        | Noticed a hog
  1144 | D        | Noticed a hog
  1144 | D        | Noticed a hog
  1144 | D        | Noticed a hog
  1144 | D        | Noticed a hog
  1144 | D        | Noticed a hog
  1145 | D        | Noticed a hog
  1145 | D        | Noticed a hog
  1150 | D        | Killed a hog
  1150 | D        | Received a gift from Trog
  1154 | D        | Killed a hog
  1156 | D        | Killed a hog
  1158 | D        | Noticed a hog
  1161 | D        | Killed a hog
  1164 | D        | Killed a hog
  1166 | D        | Killed a hog
  1171 | D        | Killed a hog
  1173 | D        | Killed a hog
  1176 | D        | Killed a hog
  1176 | D        | Received a gift from Trog
  1177 | D        | Noticed a hog
  1181 | D        | Killed a hog
  1196 | D        | Noticed a hog
  1197 | D        | Noticed a hog
  1201 | D        | Killed a hog
  1204 | D        | Killed a hog
  1206 | D        | Killed a hog
  1313 | D        | Noticed a 12-headed hydra
  1314 | D        | Paralysed by a giant eyeball for 3 turns
  1314 | D        | HP: 4/117 [12-headed hydra (6)]
  1315 | D        | HP: 1/117 [12-headed hydra (3)]
  1315 | D        | Slain by a 12-headed hydra

Vault maps used:
D:        dungeon_sprint_1

Action                   |  1- 3 |  4- 6 |  7- 9 | 10-12 || total
-------------------------+-------+-------+-------+-------++-------
Melee: Unarmed           |    12 |    17 |    46 |    78 ||   153
Invok: Berserk           |       |     1 |     4 |       ||     5
       Brothers in Arms  |       |       |     2 |       ||     2
  Use: Scroll            |       |     1 |     2 |     1 ||     4
       Potion            |       |       |     2 |     2 ||     4
  Eat: Chunk             |       |     4 |       |     7 ||    11
       Bread ration      |       |       |     1 |       ||     1
       Meat ration       |       |       |       |     1 ||     1
